 Dungeon Crawl Stone Soup version 0.30-b1-2-g02819fbbbe (webtiles) character file.

Game seed: 2547514776425614125

189 Arcadio the Poker (level 5, 0/42 HPs)
             Began as a Merfolk Reaver on May 7, 2023.
             Succumbed to a scorpion's poison
             ... on level 6 of the Dungeon.
             The game lasted 00:07:38 (2138 turns).

Arcadio the Poker (Merfolk Reaver)                  Turns: 2138, Time: 00:07:39

Health: 0/42       AC:  2    Str: 14    XL:     5   Next: 68%
Magic:  7/7        EV: 13    Int: 12    God:
Gold:   109        SH:  0    Dex: 13    Spells: 7/8 levels left

rFire   x . .        a - +0 spear
rCold   + + .        (no shield)
rNeg    + . .        j - +0 robe "Povor" {rF- rC++ Regen+ Archmagi}
rPois   .            (no helmet)
rElec   .            (no cloak)
rCorr   .            (no gloves)
SInv    .            (no boots)
Will    .....        (no amulet)
Stlth   +            i - ring of positive energy
HPRegen 1.07/turn    (no ring)
MPRegen 0.10/turn

%: archmagi
@: lethally poisoned (0 -> -17), about to teleport
A: (nimble swimmer 2), mertail, low MP 1, MP-powered wands
a: no special abilities


You were on level 6 of the Dungeon.
You visited 1 branch of the dungeon, and saw 4 of its levels.

You collected 109 gold pieces.

Inventory:

Hand Weapons
 a - a +0 spear (weapon)
Armour
 b - a +0 leather armour
 j - the +0 robe "Povor" (worn) {rF- rC++ Regen+ Archmagi}
   (You found it on level 2 of the Dungeon)

   rF:        It makes you vulnerable to fire.
   rC:        It greatly protects you from cold.
   Regen:     It increases your rate of health regeneration.
   Archmagi:  It increases the power of your magical spells.
Jewellery
 i - a ring of positive energy (left hand)
Wands
 n - a wand of roots (12)
 q - a wand of flame (14)
Scrolls
 f - a scroll of fog
 m - a scroll of enchant weapon
 o - a scroll of summoning {unknown}
 p - a scroll of vulnerability {unknown}
Potions
 e - 5 potions of mutation
 g - a potion of haste {unknown}
 k - a potion of lignification {unknown}
 l - a potion of curing {unknown}


   Skills:
 + Level 4.0 Fighting
 + Level 5.6 Polearms
 + Level 4.8 Dodging
 - Level 2.0 Spellcasting
 - Level 2.4 Conjurations


You had 7 spell levels left.
You knew the following spells:

 Your Spells              Type           Power      Damage    Failure   Level
a - Kiss of Death         Conj/Necr      24%        2d7       17%         1

Your spell library contained the following spells:

 Spells                   Type           Power      Damage    Failure   Level
 Momentum Strike          Conj/Tloc      12%        3d8       26%         2
 Hailstorm                Conj/Ice       6%         3d4       45%         3
 Confusing Touch          Hex            1%         N/A       63%         3
 Dispel Undead            Necr           1%         3d6       95%         4
 Iskenderun's Battlesphe  Conj           10%        2d6       96%         5
 Iron Shot                Conj/Erth      3%         9d2       100%        6
 Spellforged Servitor     Conj/Summ      3%         N/A       100%        7


Dungeon Overview and Level Annotations

Branches:
Dungeon (3/15) Zot: 21916

Altars:

Shops:
D:2 *


Innate Abilities, Weirdness & Mutations

((You are very nimble when in or above water. (Stealth+, EV+, Speed+++)))
Your lower body shifts to a powerful aquatic tail in water.
Your magical capacity is low. (-10% MP)
You expend magic power (3 MP) to strengthen your wands.


Message History

You feel invigorated.
You feel very sick. The scorpion barely misses you.
The scorpion attacks as you move away! The scorpion stings you.
You are lethally poisoned!
The scorpion poisons you!
You feel very sick.
The scorpion stings you but does no damage.
You feel very sick.
You feel very sick.
You hit the scorpion.
The scorpion is lightly wounded.
You feel sick. The scorpion stings you.
You are lethally poisoned!
The scorpion poisons you!
You feel very sick. The scorpion attacks as you move away!
The scorpion stings you.
You feel very sick.
You feel very sick. The scorpion stings you.
* * * LOW HITPOINT WARNING * * *
You are too confused!
The scorpion attacks as you move away! The scorpion closely misses you.
You feel sick.
You feel sick. The scorpion stings you.
You bump into the rock wall.
You feel less invigorated.
You feel less confused.
You feel sick. The scorpion closely misses you.
As you read the scroll of teleportation, it crumbles to dust.
You feel strangely unstable.
You feel sick. The scorpion stings you.
You are more poisoned.
The scorpion poisons you!
You feel very sick. The scorpion stings you.
* * * LOW HITPOINT WARNING * * *
You are more poisoned.
The scorpion poisons you! The scorpion attacks as you move away!
The scorpion stings you.
* * * LOW HITPOINT WARNING * * *
You die...

#....$### ##.......##
#..>......## #
##.#........### .
#..#..........##
.##.##...........##
.#..###.........s.###
.#.##
#..........#..## #..#
#.........@##..##
#g##
#...........##..###
..#
#..........#####..##
. .## ##....######
##..### ... . ######
##...#...# # ##....#
##..## ..... .......


You could see a scorpion.

Vanquished Creatures
  An orc priest (D:3)
  6 adders
  2 gnolls (D:6)
  A white imp (D:6)
  An ufetubus (D:6)
  A worm (D:2)
  2 dart slugs
  4 orcs
  7 ball pythons
  7 bats
  4 endoplasms (D:1)
  2 giant cockroaches
  2 goblins
  2 hobgoblins (D:1)
  3 jackals (D:1)
  2 quokkas
  3 frilled lizards (D:1)
  10 kobolds
  8 rats
68 creatures vanquished.

Vanquished Creatures (others)
  7 plants (D:1)
7 creatures vanquished.

Grand Total: 75 creatures vanquished

Notes
Turn   | Place    | Note
-------+----------+-------------------------------------------
     0 | D:1      | Arcadio the Merfolk Reaver began the quest for the Orb.
     0 | D:1      | Reached XP level 1. HP: 16/16 MP: 3/3
   108 | D:1      | Reached XP level 2. HP: 20/23 MP: 5/5
   274 | D:1      | Reached XP level 3. HP: 25/28 MP: 6/6
   737 | D:2      | Found a faded altar of an unknown god.
   887 | D:2      | Reached XP level 4. HP: 35/35 MP: 7/7
   910 | D:2      | Reached skill level 5 in Polearms
   946 | D:2      | Identified the +0 robe "Povor" {rF- rC++ Regen+ Archmagi}
  1260 | D:2      | Found Saekhick's Assorted Antiques.
  1616 | D:3      | Reached XP level 5. HP: 23/42 MP: 8/8
  1910 | D:3      | You fall into a shaft and drop 3 floors!
  2054 | D:6      | HP: 2/42 [gnoll/+0 spear (8)]
  2055 | D:6      | Gained mutation: Your magical capacity is low. (-10% MP)
                  | [potion of mutation]
  2055 | D:6      | Gained mutation: You expend magic power (3 MP) to
                  | strengthen your wands. [potion of mutation]
  2138 | D:6      | Succumbed to a scorpion's poison

Illustrated notes

Levels and vault maps discovered:
D:1:      lemuel_arrival_funnel, layout_rooms, lexackson_kobold_supper
D:2:      layout_loops_ring, serial_shops, nicolae_shop_tiny_waterfront,
          nicolae_ecumenical_lake_church
D:3:      layout_loops_ring, overflow_temple_1_default,
          chequers_serial_rivers_small_a
D:6:      layout_cave_pods

Skill      XL: |  1  2  3  4  5 |
---------------+----------------+-----
Dodging        | 3 4 |  4.8
Fighting       | 3 4 |  4.0
Polearms       | 5 |  5.6
Spellcasting   | |  2.0
Conjurations   | |  2.4

Action                     |  1- 3 |  4- 6 || total
---------------------------+-------+-------++-------
  Melee: Spear             |   162 |   180 ||   342
         Punch             |     1 |     2 ||     3
    Use: Scroll            |     1 |     5 ||     6
         Potion            |       |     2 ||     2
   Stab: Sleeping          |       |     1 ||     1
 Armour: Leather armour    |    51 |     6 ||    57
         Robe              |       |    22 ||    22
  Dodge: Dodged            |   111 |   132 ||   243
